 Dungeon Crawl Stone Soup version 0.31-a0-358-gac0dbeb3ab (webtiles) character file.

Game seed: 5104456000393297026

11 javelincjr the Magician (level 2, -1/19 HPs)
             Began as a Demonspawn Hedge Wizard on July 25, 2023.
             Slain by a kobold
             ... wielding a +0 dagger
              (2 damage)
             ... on level 1 of the Dungeon.
             The game lasted 00:01:57 (186 turns).

javelincjr the Magician (Demonspawn Hedge Wizard)    Turns: 186, Time: 00:01:57

Health: -1/19      AC:  2    Str: 10    XL:     2   Next: 13%
Magic:  1/6        EV: 12    Int: 15    God:
Gold:   0          SH:  0    Dex: 12    Spells: 6/7 levels left

rFire   . . .        a - +0 dagger
rCold   . . .        (no shield)
rNeg    . . .        b - +0 robe
rPois   .            c - +0 hat
rElec   .            (no cloak)
rCorr   .            (no gloves)
SInv    .            (no boots)
Will    .....        (no amulet)
Stlth   ++           (no ring)
HPRegen 0.23/turn    (no ring)
MPRegen 0.10/turn

%: no passive effects
@: no status effects
A: horns 1
a: no special abilities


You were on level 1 of the Dungeon.
You visited 1 branch of the dungeon, and saw 1 of its levels.

Inventory:

Hand Weapons
 a - a +0 dagger (weapon)
Armour
 b - a +0 robe (worn)
 c - a +0 hat (worn)


   Skills:
 + Level 0.2 Fighting
 + Level 1.9 Dodging
 + Level 1.9 Stealth
 * Level 3.1 Spellcasting
 + Level 1.1 Conjurations
 + Level 1.2 Summonings
 + Level 1.0 Translocations


You had 6 spell levels left.
You knew the following spells:

 Your Spells              Type           Power      Damage    Failure   Level
a - Magic Dart            Conj           20%        1d4       12%         1

Your spell library contained the following spells:

 Spells                   Type           Power      Damage    Failure   Level
 Blink                    Tloc           10%        N/A       19%         2
 Call Imp                 Summ           12%        N/A       19%         2
 Slow                     Hex            8%         N/A       21%         1
 Cigotuvi's Dreadful Rot  Necr/Pois/Air  4%         N/A       30%         2
 Mephitic Cloud           Conj/Pois/Air  3%         N/A       45%         3


Dungeon Overview and Level Annotations

Branches:
Dungeon (1/15)

Altars:


Innate Abilities, Weirdness & Mutations

You have a pair of small horns on your head.


Message History

The jackal bites you but does no damage.
You barely miss the jackal. The jackal closely misses you.
The jackal barely misses you.
You hit the jackal.
The jackal is lightly wounded.
The jackal bites you.
* * * LOW HITPOINT WARNING * * *
Casting: Magic Dart (safe; 12% risk of failure)
Confirm with . or Enter, or press ? or * to list all spells.
Aiming: Magic Dart (safe; 12% risk of failure)
Press: ? - help, Shift-Dir - straight line, f - jackal
Aim: a jackal (lightly wounded, 100% to hit)
The magic dart hits the jackal.
The jackal is severely wounded.
The jackal closely misses you.
You hit the jackal but do no damage. You headbutt the jackal.
You kill the jackal!
The jackal barely misses you.
You closely miss the jackal.
You headbutt the jackal, but do no damage.
The jackal is heavily wounded.
The jackal bites you.
* * * LOW HITPOINT WARNING * * *
You hit the jackal but do no damage. Your headbutt misses the jackal.
The jackal is heavily wounded.
The jackal closely misses you. The jackal misses you.
You closely miss the jackal. Your headbutt misses the jackal.
The jackal is heavily wounded.
The jackal barely misses you.
You hit the jackal but do no damage. You headbutt the jackal.
You kill the jackal!
You hit the kobold but do no damage. Your headbutt misses the kobold.
The kobold hits you but does no damage.
You barely miss the kobold. The kobold hits you with a +0 dagger.
* * * LOW HITPOINT WARNING * * *
You closely miss the kobold. The kobold hits you with a +0 dagger.
* * * LOW HITPOINT WARNING * * *
You barely miss the kobold. Your headbutt misses the kobold.
The kobold hits you with a +0 dagger.
You die...

.>.............
................
#...............
.##.......K.......
..................
..........).......
....... #.?.≈≈≈≈..
#....##....).≈..
#....@KK..≈≈≈≈..
##..###.........
#..# #......... #
#..# #...##.##.
#..###..###.........
#.................$.
#..###..###...#####.
..............# ##
#####..###..###.#.#


You could see 2 kobolds.

Vanquished Creatures
  2 endoplasms (D:1)
  3 jackals (D:1)
  2 kobolds (D:1)
  A quokka (D:1)
8 creatures vanquished.

Notes
Turn   | Place    | Note
-------+----------+-------------------------------------------
     0 | D:1      | javelincjr the Demonspawn Hedge Wizard began the quest for
                  | the Orb.
     0 | D:1      | Reached XP level 1. HP: 13/13 MP: 4/4
   111 | D:1      | Reached skill level 1 in Translocations
   174 | D:1      | Gained mutation: You have a pair of small horns on your
                  | head. [demonic ancestry]
   174 | D:1      | Reached XP level 2. HP: 4/19 MP: 0/6
   186 | D:1      | Slain by a kobold

Illustrated notes

Levels and vault maps discovered:
D:1:      minmay_arrival_nine_rooms, layout_basic,
          chequers_serial_rivers_micro_d, serial_park_tiny_1, minmay_hexomino_u4

Skill      XL: |  1 |
---------------+----+-----
Translocations | 1 |  1.0
Fighting       | |  0.2
Dodging        | |  1.9
Stealth        | |  1.9
Spellcasting   | |  3.1
Conjurations   | |  1.1
Summonings     | |  1.2

Action                     || total
---------------------------++-------
  Melee: Dagger            ||    30
         Punch             ||     1
         Headbutt          ||     3
   Cast: Magic Dart        ||    15
    Use: Potion            ||     1
 Armour: Robe              ||    10
  Dodge: Dodged            ||    20

Table legend: (Time is in decaauts)
 A = Elapsed time spent in this place.
 B = Non-inter-level travel time spent in this place.
 C = Inter-level travel time spent in this place.
 D = Time resting spent in this place.
 E = Time spent auto-exploring this place.
 F = Levels seen in this place.
 G = Mean time per level.
                   A        B        C        D        E       F      G
               +--------+--------+--------+--------+--------+-----+--------+
         Total |    186 |    186 |      0 |      0 |    128 |   1 |  186.0 |
       Dungeon |    186 |    186 |      0 |      0 |    128 |   1 |  186.0 |
               +--------+--------+--------+--------+--------+-----+--------+

Top non-repeatable levels by time:
     D:1: 186 daAuts
